 Dungeon Crawl Stone Soup version 0.21.1-1-g345015f (webtiles) character file.

133 Monzz the Cudgeler (level 4, -4/34 HPs)
             Began as a Demonspawn Gladiator on May 14, 2018.
             Killed from afar by an orc (13 damage)
             ... with an exploding inner flame
             ... hexed by the player character
             ... on level 3 of the Dungeon.
             The game lasted 00:10:48 (1872 turns).

Monzz the Cudgeler (Demonspawn Gladiator)           Turns: 1872, Time: 00:10:49

Health: -4/34      AC:  5    Str: 11 (14) XL:     4   Next: 94%
Magic:  4/4        EV: 12    Int: 10 (11) God:
Gold:   257        SH:  0    Dex: 12 (14) Spells: 3/3 levels left

rFire    + . .     SeeInvis .   a - +0 flail
rCold    . . .     Gourm    .   (no shield)
rNeg     + . .     Faith    .   b - +1 leather armour {rN+}
rPois    .         Spirit   .   c - +0 helmet
rElec    .         Reflect  .   (no cloak)
rCorr    .         Harm     .   (no gloves)
MR       .....     Rnd*Tele +   (no boots)
Stlth    +.........             (no amulet)
HPRegen  0.11/turn              g - ring of teleportation (curse)
MPRegen  0.09/turn              (no ring)

@: berserk cooldown, slowed, very slow
A: demonic guardian 1, fire resistance 1
a: no special abilities


You were on level 3 of the Dungeon.
You were not hungry.

You visited 1 branch of the dungeon, and saw 3 of its levels.

You collected 257 gold pieces.

Inventory:

Hand Weapons
 a - a +0 flail (weapon)
 k - a +0 dagger
Missiles
 d - 3 throwing nets (quivered)
Armour
 b - a +1 leather armour of positive energy (worn)
 c - a +0 helmet (worn)
 p - a +0 scale mail
Jewellery
 g - a cursed ring of teleportation (left hand)
Wands
 h - a wand of clouds (2)
Scrolls
 j - 6 scrolls of teleportation
 l - a scroll of fear
 q - 2 scrolls of identify
Potions
 i - 4 potions of haste
 m - a potion of curing
 o - 2 potions of berserk rage
 r - a potion of brilliance {unknown}
Comestibles
 f - 6 rations
 s - a chunk of flesh


   Skills:
 + Level 2.4 Fighting
 + Level 4.1 Maces & Flails
 + Level 1.8 Throwing
 + Level 1.6 Armour
 + Level 3.2 Dodging
 + Level 0.1 Stealth


You had 3 spell levels left.
You didn't know any spells.

Dungeon Overview and Level Annotations

Branches:
Dungeon (3/15)

Altars:
Fedhas

Annotations:
D:3 1 runed door


Innate Abilities, Weirdness & Mutations

A weak demonic guardian rushes to your aid.
Your flesh is heat resistant. (rF+)


Message History

The orc hits you with a hand axe.
* * * LOW HITPOINT WARNING * * *
As you read the scroll of fear, it crumbles to dust.
You assume a fearsome visage.
Your quasit is unaffected.
The orc looks frightened!
The orc priest looks frightened!
The orc looks frightened!
The frilled lizard looks frightened!
It was a potion of berserk rage.
A red film seems to cover your vision as you go berserk!
You feel yourself moving faster!
You feel mighty!
You feel a strong urge to attack something.
You feel your anger nearly subside.
You are no longer berserk.
You are exhausted.
You feel yourself slow down.
You catch the helpless orc completely off-guard!
You thump the orc!
The orc explodes!
The fiery explosion engulfs you! You resist.
You die...

### #.# ##.## . §..# #.#
#§§# ##.o.#@§#
.........## ### .#..
.........5# #.# ....
....###.#.# #.#
.....##.#....###.#.####.#
........................#
#...
.#...##......###....###.#
#>.. ......#......#
#....###.# #...
.#...........###........#
#...


You could see a friendly quasit.

Vanquished Creatures
  3 adders
  An ooze (D:1)
  3 worms
  2 dart slugs
  A leopard gecko (D:3)
  8 orcs (D:3)
  13 giant cockroaches (D:2)
  6 goblins
  9 hobgoblins
  3 jackals (D:2)
  5 kobolds
  6 bats
  4 frilled lizards
  11 rats
  A toadstool (D:1)
76 creatures vanquished.

Vanquished Creatures (others)
  3 toadstools (D:1)
3 creatures vanquished.

Grand Total: 79 creatures vanquished

Notes
Turn   | Place    | Note
-------+----------+-------------------------------------------
     0 | D:1      | Monzz the Demonspawn Gladiator began the quest for the Orb.
     0 | D:1      | Reached XP level 1. HP: 16/16 MP: 1/1
   223 | D:1      | Reached skill level 3 in Maces & Flails
   243 | D:1      | Gained mutation: A weak demonic guardian rushes to your aid. [demonic ancestry]
   243 | D:1      | Reached XP level 2. HP: 22/22 MP: 2/2
   700 | D:2      | Reached XP level 3. HP: 27/27 MP: 3/3
   783 | D:2      | Reached skill level 1 in Armour
  1131 | D:2      | Gained mutation: Your flesh is heat resistant. (rF+) [demonic ancestry]
  1131 | D:2      | Reached XP level 4. HP: 24/33 MP: 4/4
  1296 | D:3      | Found a runed door.
  1604 | D:3      | Reached skill level 4 in Maces & Flails
  1772 | D:3      | Found a blossoming altar of Fedhas.
  1872 | D:3      | Killed from afar by an orc

Skill      XL: |  1  2  3  4 |
---------------+-------------+-----
Maces & Flails | 3 4 |  4.1
Dodging        | 3 |  3.2
Armour         | 1 |  1.6
Fighting       | |  2.4
Throwing       | |  1.8
Stealth        | |  0.1

Action                   |  1- 3 |  4- 6 || total
-------------------------+-------+-------++-------
Melee: Flail             |   132 |   101 ||   233
  Use: Scroll            |       |     5 ||     5
       Potion            |       |     4 ||     4
 Stab: Fleeing           |       |     1 ||     1
  Eat: Chunk             |       |     4 ||     4
Armor: Leather armour    |    43 |     6 ||    49
       Scale mail        |     5 |    44 ||    49
Dodge: Dodged            |   126 |    89 ||   215
